 Dungeon Crawl Stone Soup version 0.19.0-16-g73b5abf (webtiles) character file.

3435 shmeve the Cleaver (level 9, -1/85 HPs)
             Began as a Minotaur Berserker on Nov 10, 2016.
             Was an Elder of Trog.
             Slain by a hellwing (7 damage)
             ... summoned by an obsidian statue
             ... on level 7 of the Dungeon.
             The game lasted 00:12:04 (5300 turns).

shmeve the Cleaver (Minotaur Berserker)             Turns: 5300, Time: 00:12:05

Health: -1/85      AC:  4    Str: 27      XL:     9   Next: 77%
Magic:  0/8        EV: 10    Int:  4      God:    Trog [****..]
Gold:   243        SH:  0    Dex: 10 (11) Spells: 0 memorised, 8 levels left

rFire  . . .     SeeInvis .     N - +0 war axe
rCold  . . .     Gourm    .     a - +0 plate armour
rNeg   . . .     Faith    .     (no shield)
rPois  .         Spirit   +     (helmet restricted)
rElec  .         Reflect  .     (no cloak)
rCorr  .         Harm     .     G - +0 pair of gloves
MR     ++...                    b - +1 pair of boots {Fly}
Stlth  ..........               J - amulet of guardian spirit
                                m - +4 ring of slaying
                                d - +3 ring of strength

@: corroded, flying, regenerating
A: retaliatory headbutt, horns 2, deterioration 1, mutation resistance 1
a: Berserk, Trog's Hand, Brothers in Arms, Burn Spellbooks, Renounce Religion,
Stop Flying


You were on level 7 of the Dungeon.
You worshipped Trog.
Trog was greatly pleased with you.
You were near starving.

You visited 1 branch of the dungeon, and saw 7 of its levels.

You collected 435 gold pieces.
You spent 192 gold pieces at shops.

Inventory:

Hand Weapons
 N - a +0 war axe (weapon)
Missiles
 p - 3 javelins (quivered)
Armour
 a - a +0 plate armour (worn)
 b - a +1 pair of boots of flying (worn)
 F - the +0 pair of boots of Hyachil {Regen+ Int+3 Stlth-}
   (You found it on level 5 of the Dungeon)

   It affects your intelligence (+3).
   It increases your rate of regeneration.
   It makes you less stealthy.
 G - a +0 pair of gloves (worn)
Jewellery
 d - a +3 ring of strength (left hand)
 m - a +4 ring of slaying (right hand)
 J - an amulet of guardian spirit (around neck)
Scrolls
 e - 5 scrolls of identify
 j - 2 scrolls of fog
 n - 2 scrolls of enchant weapon
 q - a scroll of enchant armour {unknown}
 t - a scroll of blinking {unknown}
 u - 5 scrolls of teleportation {unknown}
 w - a scroll of amnesia {unknown}
 x - 2 scrolls of recharging {unknown}
 y - a scroll of magic mapping
 C - 4 scrolls of remove curse
 D - a scroll of noise {unknown}
 E - a scroll of random uselessness {unknown}
 I - a scroll of immolation {unknown}
Potions
 g - 4 potions of might
 h - 2 potions of brilliance {unknown}
 l - a potion of mutation {unknown}
 o - a potion of haste {unknown}
 r - a potion of ambrosia {unknown}
 s - 4 potions of curing
 v - a potion of lignification {unknown}
 z - 2 potions of flight {unknown}
 B - 2 potions of heal wounds
 H - 6 potions of agility
Comestibles
 c - 3 bread rations
 f - 4 meat rations
 i - 3 slices of pizza
 k - a beef jerky
 A - 4 fruits
 K - a royal jelly


   Skills:
 * Level 9.6 Fighting
 * Level 9.7 Axes
 + Level 5.2 Throwing
 + Level 6.3 Armour
 + Level 6.2 Dodging


You had 8 spell levels left.
You didn't know any spells.

Dungeon Overview and Level Annotations

Branches:
Dungeon (7/15)             Temple (0/1) D:7

Altars:
Cheibriados
Fedhas
Gozag
Hepliaklqana
Makhleb
Xom
Yredelemnul

Shops:
D:6 !

Annotations:
D:7 exclusion: obsidian statue


Innate Abilities, Weirdness & Mutations

You reflexively headbutt those who attack you in melee.
You have a pair of horns on your head.
Your body sometimes deteriorates upon taking damage.
You are somewhat resistant to further mutation.


Message History

You headbutt the hellwing, but do no damage.
The hellwing barely misses you. The neqoxec barely misses you.
You furiously retaliate!
You headbutt the neqoxec!
Unknown command.
You start eating the royal jelly.
Keep eating? [Y]es or [N]o only, please.
Keep eating?
The rust devil hits you! The rust devil corrodes you!
The hellwing hits you but does no damage.
The hellwing hits you!
The obsidian statue's eyes glow briefly.
The neqoxec barely misses you.
You continue eating.
The rust devil hits you!
* * * LOW HITPOINT WARNING * * *
The rust devil corrodes you! The hellwing hits you!
* * * LOW HITPOINT WARNING * * *
The hellwing hits you!
You die...

#...................≈≈
####################≈≈
### ##### ## #=))≈##
##≈ :})≈≈## ###≈≈
#≈55≈# ##≈≈≈≈ ##35≈##
####≈≈≈≈# #84@≈≈###
##≈≈≈≈≈≈##
###4≈≈≈≈###≈≈≈≈≈≈##
##≈≈≈≈≈≈≈≈≈≈≈###
###5≈≈≈≈≈≈###
###≈≈≈### #####


You could see an obsidian statue, a hellwing, a rust devil, a neqoxec, 2 iron
imps, a crimson imp and a shadow imp.

Vanquished Creatures
  Pikel (D:4)
  The ghost of pichaelthompson the Cudgeler, a novice DsCK of Xom (D:7)
  Prince Ribbit (D:7)
  A hippogriff (D:7)
  Menkaure (D:6)
  Edmund (D:4)
  Duvessa (D:4)
  An orc warrior (D:7)
  2 ice beasts (D:7)
  2 black bears (D:7)
  A sky beast (D:7)
  2 slaves (D:4)
  An ogre (D:5)
  A phantom (D:7)
  A centaur (D:7)
  A big kobold (D:6)
  A bullfrog (D:7)
  A wyvern skeleton (D:5)
  Dowan (D:4)
  3 electric eels (D:7)
  2 crimson imps
  2 bullfrog zombies
  A quasit (D:6)
  A centaur skeleton (D:4)
  5 orc priests
  2 bullfrog skeletons
  An iguana (D:5)
  4 orc wizards
  7 worker ants
  10 adders
  An ooze (D:5)
  An adder skeleton (D:4)
  3 worms
  2 dart slugs (D:4)
  5 leopard geckos
  14 orcs
  4 giant cockroaches
  5 goblins
  3 hobgoblins
  22 jackals
  15 kobolds
  4 quokkas
  2 ball pythons
  6 bats
  9 frilled lizards
  A leopard gecko skeleton (D:4)
  10 rats
  A plant (D:6)
168 creatures vanquished.

Notes
Turn   | Place    | Note
-------+----------+-------------------------------------------
     0 | D:1      | shmeve the Minotaur Berserker began the quest for the Orb.
     0 | D:1      | Reached XP level 1. HP: 19/19 MP: 0/0
    63 | D:1      | You fall through a shaft!
   145 | D:1      | Reached XP level 2. HP: 25/27 MP: 1/1
   255 | D:1      | Reached skill level 1 in Throwing
   282 | D:1      | Reached ** piety under Trog
   604 | D:1      | Reached XP level 3. HP: 33/33 MP: 2/2
  1275 | D:3      | Reached XP level 4. HP: 29/40 MP: 3/3
  1485 | D:3      | Found an opulent altar of Gozag.
  1485 | D:3      | Found a hazy altar of Hepliaklqana.
  1486 | D:3      | Found a basalt altar of Yredelemnul.
  1550 | D:3      | Reached *** piety under Trog
  1938 | D:3      | Found a faded altar of an unknown god.
  2000 | D:3      | Reached XP level 5. HP: 44/47 MP: 4/4
  2054 | D:3      | Reached skill level 5 in Axes
  2141 | D:4      | Noticed Duvessa
  2142 | D:4      | Noticed Dowan
  2150 | D:4      | Killed Duvessa
  2150 | D:4      | Reached skill level 5 in Fighting
  2150 | D:4      | Reached XP level 6. HP: 42/56 MP: 5/5
  2150 | D:4      | Killed Dowan
  2745 | D:4      | Found a snail-covered altar of Cheibriados.
  2780 | D:4      | Noticed a slave
  2781 | D:4      | Noticed a slave
  2781 | D:4      | Noticed Pikel
  2782 | D:4      | Noticed a slave
  2782 | D:4      | Noticed a slave
  2784 | D:4      | Killed a slave
  2791 | D:4      | Killed Pikel
  2791 | D:4      | Reached XP level 7. HP: 64/64 MP: 6/6
  2820 | D:4      | Noticed Edmund
  2833 | D:4      | Killed Edmund
  2833 | D:4      | Reached XP level 8. HP: 49/71 MP: 7/7
  3161 | D:5      | Entered Level 5 of the Dungeon
  3258 | D:5      | Found a blossoming altar of Fedhas.
  3358 | D:5      | Got a pair of scorched boots
  3369 | D:5      | Identified the +0 pair of boots of Hyachil {Regen+ Int+3 Stlth-} (You found it on level 5 of the Dungeon)
  3569 | D:5      | Found a burning altar of Makhleb.
  3571 | D:5      | Noticed a cacodemon
  3575 | D:5      | Noticed an orange demon
  3575 | D:5      | Noticed an orange demon
  3840 | D:6      | Found Aloimp's Distillery.
  3845 | D:6      | Bought a potion of heal wounds for 60 gold pieces
  3845 | D:6      | Bought a potion of curing for 36 gold pieces
  3845 | D:6      | Bought a potion of agility for 48 gold pieces
  3845 | D:6      | Bought a potion of might for 48 gold pieces
  3998 | D:6      | Noticed Menkaure
  4007 | D:6      | Killed Menkaure
  4007 | D:6      | Reached skill level 5 in Armour
  4182 | D:6      | Reached skill level 5 in Dodging
  4247 | D:6      | Reached **** piety under Trog
  4415 | D:6      | Found a shimmering altar of Xom.
  4415 | D:6      | Found a burning altar of Makhleb.
  4480 | D:7      | Noticed a hippogriff
  4488 | D:7      | Killed a hippogriff
  4488 | D:7      | Reached XP level 9. HP: 77/82 MP: 6/8
  4521 | D:7      | Noticed Prince Ribbit
  4527 | D:7      | Killed Prince Ribbit
  4614 | D:7      | Noticed pichaelthompson's ghost (novice DsCK)
  4621 | D:7      | Killed pichaelthompson's ghost
  4724 | D:7      | Found a staircase to the Ecumenical Temple.
  4830 | D:7      | Reached skill level 5 in Throwing
  5270 | D:7      | Noticed an obsidian statue
  5275 | D:7      | Noticed a red devil
  5281 | D:7      | Gained mutation: Your body sometimes deteriorates upon taking damage. [a neqoxec]
  5282 | D:7      | Gained mutation: You are somewhat resistant to further mutation. [a neqoxec]
  5283 | D:7      | Noticed a hellwing
  5283 | D:7      | Noticed an orange demon
  5284 | D:7      | Noticed a rust devil
  5284 | D:7      | Noticed an ice devil
  5300 | D:7      | Slain by a hellwing

Skill      XL: |  1  2  3  4  5  6  7  8  9 |
---------------+----------------------------+-----
Throwing       | 1 2 3 4 5 |  5.2
Axes           | 4 5 6 8 9 |  9.7
Fighting       | 4 5 6 8 9 |  9.6
Armour         | 3 4 5 6 |  6.3
Dodging        | 3 4 5 6 |  6.2

Action                   |  1- 3 |  4- 6 |  7- 9 || total
-------------------------+-------+-------+-------++-------
Melee: Hand axe          |    80 |    92 |   113 ||   285
       Headbutt          |    15 |    20 |    46 ||    81
       War axe           |       |       |    73 ||    73
Throw: Javelin           |       |       |     9 ||     9
Invok: Trog's Hand       |     1 |     1 |     3 ||     5
       Berserk           |       |     3 |     2 ||     5
       Burn Spellbooks   |       |       |     1 ||     1
  Use: Scroll            |     3 |       |     1 ||     4
  Eat: Chunk             |     1 |     8 |    10 ||    19
Armor: Animal skin       |    19 |    19 |       ||    38
       Ring mail         |       |       |    31 ||    31
       Plate armour      |       |       |    50 ||    50
Dodge: Dodged            |    54 |    65 |   123 ||   242
